 Dungeon Crawl Stone Soup version 0.31-a0-1529-g7bd419a0e5 (webtiles) character file.

Game seed: 16826572086892199875

1042 grandjackal the Trooper (level 8, -4/65 HPs)
             Began as a Mummy Fighter on Jan 1, 2024.
             Was an Initiate of Gozag.
             Slain by a centaur (5 damage)
             ... on level 5 of the Dungeon.
             The game lasted 00:05:43 (4100 turns).

grandjackal the Trooper (Mummy Fighter)             Turns: 4100, Time: 00:05:44

Health: -4/65      AC: 12    Str: 21    XL:     8   Next: 4%
Magic:  8/8        EV:  5    Int:  8    God:    Gozag
Gold:   396        SH:  4    Dex: 11    Spells: 7/7 levels left

rFire   x . .        a - +0 war axe
rCold   + . .        c - +0 buckler
rNeg    + + +        i - +0 plate armour
rPois   ∞            (no helmet)
rElec   .            n - +0 cloak
rCorr   .            (no gloves)
SInv    .            (no boots)
Will    +....        k - amulet of regeneration Stlth
                     (no ring)
HPRegen 1.10/turn    (no ring)
MPRegen 0.11/turn

%: faith
@: no status effects
A: cold resistance 1, negative energy resistance 3, torment resistance 2, heat
vulnerability 1, in touch with death 1, no potions, faith
a: Renounce Religion, Potion Petition, Call Merchant, Bribe Branch


You were on level 5 of the Dungeon.
You worshipped Gozag.
Gozag was aware of your devotion.
You visited 2 branches of the dungeon, and saw 6 of its levels.
You also visited: Sewer.

You collected 493 gold pieces.
You paid 97 gold pieces to Gozag.

Inventory:

Hand Weapons
 a - a +0 war axe (weapon)
 l - a +0 flail
Missiles
 d - 2 throwing nets (quivered)
Armour
 c - a +0 buckler (worn)
 i - a +0 plate armour (worn)
 n - a +0 cloak (worn)
Jewellery
 b - a ring of fire
 k - an amulet of regeneration (around neck)
Scrolls
 e - a scroll of noise {unknown}
 f - 2 scrolls of poison {unknown}
 g - 2 scrolls of butterflies {unknown}
 h - 8 scrolls of identify {unknown}
 j - a scroll of blinking {unknown}
 m - 2 scrolls of teleportation {unknown}
 o - a scroll of immolation {unknown}
 p - a scroll of vulnerability {unknown}
 q - 2 scrolls of revelation {unknown}
 r - a scroll of enchant weapon {unknown}


   Skills:
 + Level 6.5 Fighting
 + Level 5.0 Axes
 - Level 3.0 Armour
 - Level 4.0 Shields


You had 7 spell levels left.
You didn't know any spells.
Your spell library contained the following spells:

 Spells                   Type           Power      Damage    Failure   Level
 Frozen Ramparts          Ice            0%         1d1       100%        3
 Animate Armour           Summ/Erth      0%         N/A       100%        4
 Leda's Liquefaction      Alch/Erth      0%         N/A       100%        4
 Petrify                  Alch/Erth      0%         N/A       100%        4
 Summon Lightning Spire   Summ/Air       0%         N/A       100%        4
 Lee's Rapid Deconstruct  Erth           0%         3d4*      100%        5
 Metabolic Englaciation   Hex/Ice        0%         N/A       100%        5


Dungeon Overview and Level Annotations

Branches:
Dungeon (5/15)             Temple (1/1) D:4           Sewer (visited)

Altars:
Ashenzari
Cheibriados
Dithmenos
Fedhas
Gozag
Hepliaklqana
Makhleb
Nemelex Xobeh
Okawaru
Qazlal
Ru
Sif Muna
Trog
Uskayaw
Vehumet
Wu Jian
Xom
Yredelemnul


Innate Abilities, Weirdness & Mutations

You are immune to poison.
Your flesh is cold resistant. (rC+)
You are immune to negative energy. (rN+++)
You are immune to unholy pain and torment.
You are vulnerable to heat. (rF-)
You are in touch with the powers of death.
You do not drink.
You have a special connection with the divine. (Faith)


Message History

You hit the centaur. The wyvern barely misses you.
The centaur hits you but does no damage.
The centaur kicks you but does no damage.
The wyvern bites you but does no damage.
The centaur hits you but does no damage.
The centaur kicks you but does no damage.
You hit the wyvern.
The wyvern is severely wounded.
You hit the centaur. The wyvern bites you! The centaur hits you.
You block the centaur's attack. The wyvern bites you!
* * * LOW HITPOINT WARNING * * *
Unknown command.
You are too injured to fight recklessly!
Unknown command.
You are too injured to fight recklessly!
Unknown command.
You are too injured to fight recklessly!
You hit the centaur but do no damage.
The centaur is severely wounded.
You closely miss the wyvern.
The centaur hits you but does no damage.
You block the centaur's attack.
The wyvern bites you but does no damage.
You block the centaur's attack.
The centaur kicks you but does no damage.
The wyvern bites you!
* * * LOW HITPOINT WARNING * * *
Throw: 2 throwing nets
Press: ? - help, Q - select action, (/) - cycle Shift-Dir - straight line, f - wyvern
Aim: a wyvern (severely wounded, 56% to hit)
Okay, then.
Okay, then.
You hit the wyvern.
The wyvern is severely wounded.
You hit the centaur but do no damage. The centaur barely misses you.
The centaur kicks you.
* * * LOW HITPOINT WARNING * * *
You block the wyvern's attack. The centaur hits you.
You die...
Your body crumbles into a pile of gold.

...# #.# ...#
#.# #### . #.#
.. #.# # ...
#.# # #.. #.#
# #... #.# #
#....#.####...
#
#....k@.....#
#
###..c........
# #.........##
# #...........
# #.........##
# ..##.#.#....
... #.#.#.###
.... #.#.# #


You could see a wyvern and a centaur.

Vanquished Creatures
  An ice beast (D:5)
  A phantom (D:4)
  2 bullfrogs (Sewer)
  A gnoll sergeant (D:4)
  A scorpion (D:3)
  A bombardier beetle (D:4)
  2 jellies (D:4)
  A hound (D:5)
  Crazy Yiuf (D:2)
  2 iguanas (D:3)
  3 orc wizards (D:4)
  Terence (D:2)
  11 adders
  11 gnolls
  3 dart slugs
  A ribbon worm (D:3)
  6 orcs
  3 bats
  12 endoplasms
  11 giant cockroaches
  6 goblins
  5 hobgoblins
  2 jackals (D:1)
  10 kobolds
  14 quokkas
  12 ball pythons
  12 frilled lizards
  13 rats
149 creatures vanquished.

Notes
Turn   | Place    | Note
-------+----------+-------------------------------------------
     0 | D:1      | grandjackal the Mummy Fighter began the quest for the Orb.
     0 | D:1      | Reached XP level 1. HP: 18/18 MP: 1/1
   153 | D:1      | Reached XP level 2. HP: 24/24 MP: 2/2
  1135 | D:2      | Reached XP level 3. HP: 28/29 MP: 3/3
  1253 | D:2      | Found a runed translucent door.
  1254 | D:2      | Noticed Crazy Yiuf
  1368 | D:2      | Reached XP level 4. HP: 33/35 MP: 4/4
  1573 | D:3      | Found a glowing drain.
  1604 | Sewer    | Entered a sewer
  1649 | Sewer    | Reached XP level 5. HP: 42/42 MP: 5/5
  1696 | Sewer    | Reached skill level 4 in Fighting
  1866 | Sewer    | Reached XP level 6. HP: 25/49 MP: 6/6
  2214 | D:2      | Noticed Terence
  2227 | D:2      | Killed Terence
  2387 | D:2      | Killed Crazy Yiuf
  2591 | D:3      | Identified the +1 halberd "Rurhoucu" {spect, rN+ SInv}
  3016 | D:4      | Reached skill level 5 in Fighting
  3064 | D:4      | Found a staircase to the Ecumenical Temple.
  3082 | Temple   | Entered the Ecumenical Temple
  3106 | Temple   | Became a worshipper of Gozag Ym Sagoz the Greedy
  3186 | D:4      | Reached XP level 7. HP: 56/56 MP: 7/7
  3691 | D:4      | Reached skill level 6 in Fighting
  3831 | D:5      | Entered Level 5 of the Dungeon
  3960 | D:5      | Reached skill level 5 in Axes
  3960 | D:5      | Reached XP level 8. HP: 60/65 MP: 8/8
  4099 | D:5      | HP: 2/65 [wyvern (12)]
  4100 | D:5      | Slain by a centaur

Illustrated notes

Levels and vault maps discovered:
D:1:      wheals_arrival_linesprint, layout_basic
D:2:      layout_loops_ring, grunt_ministairs_9, minmay_rat_gold_closets,
          uniq_crazy_yiuf_cottage, uniq_terence
D:3:      layout_basic, gup_sewer_entry_bubbles,
          amcnicky_mini_rare_corridor_liquid
D:4:      cheibrodos_barr_body, layout_loops_cross, minmay_temple_entry_trees
D:5:      layout_basic
Temple:   regret_index_temple_sigil_plot

Skill      XL: |  1  2  3  4  5  6  7 |
---------------+----------------------+-----
Axes           | 2 3 5 |  5.0
Shields        | 3 4 |  4.0
Armour         | 3 |  3.0
Fighting       | 4 5 6 |  6.5

Action                     |  1- 3 |  4- 6 |  7- 9 || total
---------------------------+-------+-------+-------++-------
  Melee: War axe           |    87 |   267 |   129 ||   483
   Stab: Distracted        |       |       |     1 ||     1
 Armour: Scale mail        |    28 |       |       ||    28
         Plate armour      |    40 |   299 |   151 ||   490
  Dodge: Dodged            |    24 |    91 |    34 ||   149
  Block: Buckler           |    21 |    62 |    39 ||   122

Table legend: (Time is in decaauts)
 A = Elapsed time spent in this place.
 B = Non-inter-level travel time spent in this place.
 C = Inter-level travel time spent in this place.
 D = Time resting spent in this place.
 E = Time spent auto-exploring this place.
 F = Levels seen in this place.
 G = Mean time per level.
                   A        B        C        D        E       F      G
               +--------+--------+--------+--------+--------+-----+--------+
         Total |   4367 |   4096 |    271 |    180 |   2510 |   7 |  623.9 |
       Dungeon |   3872 |   3620 |    252 |    108 |   2465 |   5 |  774.4 |
        Temple |     43 |     24 |     19 |      0 |      0 |   1 |   43.0 |
         Sewer |    451 |    451 |      0 |     72 |     45 |   1 |  451.0 |
               +--------+--------+--------+--------+--------+-----+--------+

Top non-repeatable levels by time:
     D:2: 1024 daAuts
     D:3: 893 daAuts
     D:1: 869 daAuts
     D:4: 805 daAuts
   Sewer: 451 daAuts
     D:5: 279 daAuts
  Temple: 43 daAuts
